 Dungeon Crawl Stone Soup version 0.25-a0-464-g3004169c2b (webtiles) character file.

Game seed: 17750852137492381180, levelgen mode: deterministic

76748 manyhoops the Protected (level 15, -11/103 HPs)
             Began as a Gnoll Wanderer on Nov 30, 2019.
             Was a High Priest of Hepliaklqana.
             Killed from afar by Xochipepe the knight (27 damage)
             ... with an exploding inner flame
             ... created by the player character
             ... hexed by the player character
             ... on level 2 of the Orcish Mines on Feb 5, 2020.
             The game lasted 01:15:06 (23800 turns).

manyhoops the Protected (Gnoll Wanderer)           Turns: 23800, Time: 01:15:08

Health: -11/103    AC: 19    Str: 24    XL:     15   Next: 54%
Magic:  1/29       EV: 19    Int: 19    God:    Hepliaklqana [*****.]
Gold:   3616       SH:  7    Dex: 16    Spells: 24/34 levels left

rFire    . . .     SeeInvis .   H - +2 demon trident
rCold    + . .     Gourm    .   C - +0 buckler
rNeg     . . .     Faith    .   q - +3 troll leather armour {Snorg}
rPois    .         Spirit   .   c - +2 helmet
rElec    .         Reflect  .   R - +2 cloak
rCorr    .         Harm     .   D - +1 pair of gloves
MR       +....                  z - +0 pair of boots
Stlth    ++++......             P - amulet of regeneration
HPRegen  1.07/turn              x - ring of wizardry
MPRegen  0.21/turn              r - ring "Colochaeq" {rC+ Str+7 Int+2}

@: no status effects
A: distributed training, reduced essence, fangs 1, strong nose
a: Recall Ancestor, Ancestor Identity, Transference, Idealise, Renounce Religion


You were on level 2 of the Orcish Mines.
You worshipped Hepliaklqana.
Hepliaklqana was extremely pleased with you.
You were not hungry.

You visited 4 branches of the dungeon, and saw 21 of its levels.

You collected 5821 gold pieces.
You spent 2205 gold pieces at shops.

Inventory:

Hand Weapons
 H - a +2 demon trident (weapon)
Missiles
 S - 9 curare-tipped darts (quivered)
 T - 24 boomerangs
 U - a throwing net
Armour
 c - a +2 helmet (worn)
 q - a +3 troll leather armour (worn) {Snorg}
 z - a +0 pair of boots (worn)
 A - a +4 chain mail of positive energy
 C - a +0 buckler (worn)
 D - a +1 pair of gloves (worn)
 M - a +2 chain mail of fire resistance
 R - a +2 cloak (worn)
Magical Staves
 y - an uncursed staff of power
Jewellery
 d - a +3 ring of protection
 h - an uncursed amulet of magic regeneration
 r - the ring "Colochaeq" (right hand) {rC+ Str+7 Int+2}
   (You bought it in a shop on level 5 of the Dungeon)

   [ring of protection from cold]

   It affects your strength (+7).
   It affects your intelligence (+2).
   It protects you from cold.
 s - a +5 ring of evasion
 t - an uncursed ring of ice
 x - a ring of wizardry (left hand)
 F - a +3 amulet of reflection
 K - an uncursed ring of flight
 O - the amulet of the Little Devil {Gourm rC+ Int-3 Stlth+}
   (You found it on level 11 of the Dungeon)

   [amulet of the gourmand]

   It allows you to eat raw meat even when not hungry.
   It affects your intelligence (-3).
   It protects you from cold.
   It makes you more stealthy.
 P - an amulet of regeneration (around neck)
 X - an uncursed ring of ice
Wands
 a - a wand of enslavement (8)
 g - a wand of acid (5)
 k - a wand of polymorph (11)
 m - a wand of digging (11)
 n - a wand of random effects (48)
 p - a wand of flame (60)
 I - a wand of iceblast (14) {i}
Scrolls
 l - 2 scrolls of silence
 o - 3 scrolls of fog
 v - 5 scrolls of remove curse
 w - a scroll of identify
 B - 2 scrolls of amnesia
 E - 2 scrolls of blinking
 J - 2 scrolls of fear
 L - 6 scrolls of magic mapping
 N - 3 scrolls of noise
 Y - a scroll of vulnerability
 Z - 3 scrolls of teleportation
Potions
 b - 2 potions of cancellation
 e - 3 potions of brilliance
 i - a potion of agility
 j - 4 potions of flight
 u - 10 potions of curing
 Q - 2 potions of heal wounds
 V - a potion of haste
 W - a potion of invisibility
Comestibles
 f - 20 rations


   Skills:
 + Level 10.0 Fighting
 + Level 10.9 Short Blades
 + Level 10.0 Long Blades
 + Level 10.0 Axes
 + Level 10.0 Maces & Flails
 + Level 10.0 Polearms
 + Level 10.0 Staves
 + Level 10.0 Slings
 + Level 10.0 Bows
 + Level 10.3 Crossbows
 + Level 10.3 Throwing
 + Level 10.9 Armour
 + Level 10.3 Dodging
 + Level 10.7 Stealth
 + Level 10.0 Shields
 + Level 10.0 Unarmed Combat
 + Level 10.0 Spellcasting
 + Level 8.4 Conjurations
 + Level 8.4 Hexes
 + Level 8.4 Charms
 + Level 8.4 Summonings
 + Level 8.4 Necromancy
 + Level 8.4 Translocations
 + Level 8.4 Transmutations
 + Level 8.4 Fire Magic
 + Level 8.4 Ice Magic
 + Level 8.4 Air Magic
 + Level 8.4 Earth Magic
 + Level 8.4 Poison Magic
 + Level 10.8 Invocations
 + Level 10.3 Evocations


You had 24 spell levels left.
You knew the following spells:

 Your Spells              Type           Power        Failure   Level  Hunger
a - Dazzling Flash        Conj/Hex       #####.       1%          3    None
b - Sticks to Snakes      Tmut           #####...     1%          2    None
c - Bolt of Magma         Conj/Fire/Erth #####.....   3%          5    #####..

Your spell library contained the following spells:

 Spells                   Type           Power        Failure   Level  Hunger
 Beastly Appendage        Tmut           #####.       1%          1    None
 Magic Dart               Conj           ####         1%          1    None
 Searing Ray              Conj           #####.       1%          2    None
 Spider Form              Tmut/Pois      #####.....   1%          3    None
 Fulminant Prism          Conj/Hex       #####.....   1%          4    ##.....
 Ice Form                 Ice/Tmut       #####...     1%          4    ##.....
 Iskenderun's Mystic Bla  Conj/Tloc      #####...     1%          4    ##.....
 Blade Hands              Tmut           #####.....   3%          5    #####..
 Iskenderun's Battlesphe  Conj/Chrm      #####...     3%          5    #####..
 Iron Shot                Conj/Erth      #####.....   16%         6    ######.
 Orb of Destruction       Conj           #####.....   63%         7    #######
 Spellforged Servitor     Conj/Summ      #####.....   63%         7    #######


Dungeon Overview and Level Annotations

Branches:
Dungeon (12/15)            Temple (1/1) D:7            Lair (6/6) D:9
 Shoals (0/4) Lair:4       Spider (0/4) Lair:4        Slime (0/5) Lair:5
    Orc (2/2) D:12            Elf (0/3) Orc:2

Altars:
Ashenzari
Dithmenos
Elyvilon
Hepliaklqana
Kikubaaqudgha
Nemelex Xobeh
Okawaru
Qazlal
Sif Muna
Trog
Vehumet
Xom
Yredelemnul

Shops:
D:5 =[*(?   Orc:1 *}[=   Orc:2 *

Annotations:
Lair:3 3 runed translucent doors, PaperRat's ghost, adept OpVM
Lair:5 Rupert
Orc:2 1 runed translucent door, exclusion: orange crystal statue


Innate Abilities, Weirdness & Mutations

Your experience applies equally to all skills.
You have very sharp teeth.
Your uncanny sense of smell can sniff out nearby items.
Your life essence is reduced to manifest your ancestor. (-10% HP)


Message History

Xochipepe resists.
Flame seeps out of Xochipepe.
Xochipepe is almost destroyed.
The fiery explosion engulfs you!
* * * LOW HITPOINT WARNING * * *
Your Fighting skill increases to level 10!
Your Long Blades skill increases to level 10!
Your Axes skill increases to level 10!
Your Maces & Flails skill increases to level 10!
Your Polearms skill increases to level 10!
Your Staves skill increases to level 10!
Your Slings skill increases to level 10!
Your Bows skill increases to level 10!
Your Shields skill increases to level 10!
Your Unarmed Combat skill increases to level 10!
Your Spellcasting skill increases to level 10!
Xochipepe is engulfed in blazing flames.
Xochipepe the knight explodes!
The fiery explosion engulfs you!!
You die...

#.......................###.#
#.........................R..
#...........................#
##........................###
#..........(........))...#
....................))..##
#....................)....#
.....§§§.....%....#.## #
.....§§@§........#.#####
.....§§§§§.....#....#.#.
.....§§§°§.....#........
######§°§#######........
..oo. #.#.#..#. .#ooo#.
##.....## ....o.o.. ##....#.
.. #...# .. ###..## #.. .....
..# #...#


You could see an orc knight (inner flame), 2 orc warriors, 3 orc priests and an
orc (inner flame).

Vanquished Creatures
  An orc warlord (Orc:1)
  2 dire elephants
  Snorg (D:11)
  Fannar (Lair:1)
  Josephine (Lair:4)
  Harold (D:7)
  3 hydras
  A death knight (D:12)
  8 death yaks
  5 two-headed ogres
  An anaconda (Lair:6)
  A tengu warrior (D:7)
  An orc high priest (Orc:1)
  Urug (Lair:4)
  Sonja (Lair:5)
  3 orc knights (Orc:2)
  2 manticores
  A deep elf mage (D:12)
  A centaur zombie (D:10)
  3 ugly things
  9 elephants
  7 black mambas
  5 spiny frogs
  A gargoyle (D:12)
  3 centaur skeletons
  A rime drake (Lair:5)
  15 komodo dragons
  A freezing wraith (D:12)
  2 trolls
  Grinder (D:3)
  2 slime creatures
  5 jumping spiders (Lair:4)
  8 blink frogs
  5 hippogriffs
  5 dream sheep (Lair:5)
  A spriggan (Lair:2)
  5 wraiths
  2 redbacks (Lair:4)
  2 humans (D:11)
  A basilisk (Lair:5)
  30 yaks
  Eustachio (D:4)
  2 hungry ghosts
  3 vampire mosquitoes (D:12)
  2 wargs (Orc:1)
  3 porcupines
  10 water moccasins
  14 orc warriors
  A sky beast (D:12)
  2 phantoms (D:9)
  A black bear (D:9)
  6 ogres
  4 wolves (Lair:1)
  8 crocodiles
  3 centaurs
  2 big kobolds (D:11)
  16 bullfrogs
  2 scorpions
  6 killer bees
  20 wights
  3 electric eels
  2 howler monkeys (D:10)
  5 crimson imps
  A bullfrog zombie (D:7)
  A quasit (D:10)
  16 orc priests
  A bullfrog skeleton (D:6)
  3 hounds
  3 jellies (Lair:5)
  12 orc wizards
  Natasha (thrice) (D:3)
  3 iguanas
  4 worker ants
  Robin (D:2)
  14 adders
  3 shadow imps
  2 oozes
  An adder skeleton (D:6)
  7 worms
  6 leopard geckos
  56 orcs
  A ball python (D:1)
  6 giant cockroaches
  14 goblins
  5 hobgoblins
  9 jackals
  7 quokkas
  6 bats
  4 frilled lizards
  A jackal skeleton (D:7)
  12 kobolds
  6 rats
  A fungus (Lair:2)
  5 plants
480 creatures vanquished.

Vanquished Creatures (collateral kills)
  Gastronok (D:8)
  3 dire elephants (Lair:6)
  2 two-headed ogres
  A phantasmal warrior (D:12)
  A cyclops (D:12)
  2 ugly things
  6 elephants
  A black mamba (Lair:5)
  A torpor snail (Lair:6)
  A rime drake (Lair:5)
  3 spiny frogs
  3 komodo dragons
  A jumping spider (Lair:4)
  2 trolls
  A slime creature (D:12)
  2 hippogriffs
  5 blink frogs
  3 wraiths
  8 yaks
  A wyvern (Lair:4)
  A basilisk (Lair:2)
  A hungry ghost (D:12)
  2 wargs
  3 porcupines
  4 water moccasins
  8 orc warriors
  An eye of draining (D:10)
  6 ogres
  A black bear (D:10)
  4 wolves (Lair:1)
  A centaur (D:10)
  A crocodile (Lair:3)
  5 bullfrogs
  3 killer bees
  3 wights (D:9)
  3 electric eels (Lair:2)
  A howler monkey (D:10)
  A hound (D:12)
  9 orc priests
  A bullfrog skeleton (D:10)
  7 orc wizards
  A worker ant (D:12)
  A worker ant zombie (D:9)
  An adder (D:12)
  27 orcs
  A jackal (D:9)
  2 kobolds (D:11)
147 creatures vanquished.

Vanquished Creatures (others)
  15 knights
  An orc priest (Orc:1)
  3 ancestors
  70 fungi
  32 plants
121 creatures vanquished.

Grand Total: 748 creatures vanquished

Notes
Turn   | Place    | Note
-------+----------+-------------------------------------------
     0 | D:1      | manyhoops the Gnoll Wanderer began the quest for the Orb.
     0 | D:1      | manyhoops set off with the following items: a +2 short
                  | sword, a +0 spear, a potion of lignification, a +0 robe, a
                  | +0 dagger, a ration
     0 | D:1      | Reached XP level 1. HP: 13/13 MP: 2/2
   170 | D:1      | Reached XP level 2. HP: 17/19 MP: 3/3
   343 | D:1      | Reached XP level 3. HP: 18/25 MP: 4/4
   942 | D:2      | Reached skill level 1 in Invocations
   947 | D:2      | Noticed Robin
  1089 | D:2      | Reached skill level 1 in Fighting
  1089 | D:2      | Reached skill level 1 in Long Blades
  1089 | D:2      | Reached skill level 1 in Axes
  1089 | D:2      | Reached skill level 1 in Maces & Flails
  1089 | D:2      | Reached skill level 1 in Polearms
  1089 | D:2      | Reached skill level 1 in Staves
  1089 | D:2      | Reached skill level 1 in Slings
  1089 | D:2      | Reached skill level 1 in Bows
  1089 | D:2      | Reached skill level 1 in Shields
  1089 | D:2      | Reached skill level 1 in Unarmed Combat
  1089 | D:2      | Reached skill level 1 in Spellcasting
  1109 | D:2      | Killed Robin
  1109 | D:2      | Reached XP level 4. HP: 21/32 MP: 6/6
  2268 | D:2      | Reached skill level 1 in Conjurations
  2268 | D:2      | Reached skill level 1 in Hexes
  2268 | D:2      | Reached skill level 1 in Charms
  2268 | D:2      | Reached skill level 1 in Summonings
  2268 | D:2      | Reached skill level 1 in Necromancy
  2268 | D:2      | Reached skill level 1 in Translocations
  2268 | D:2      | Reached skill level 1 in Transmutations
  2268 | D:2      | Reached skill level 1 in Fire Magic
  2268 | D:2      | Reached skill level 1 in Ice Magic
  2268 | D:2      | Reached skill level 1 in Air Magic
  2268 | D:2      | Reached skill level 1 in Earth Magic
  2268 | D:2      | Reached skill level 1 in Poison Magic
  2429 | D:3      | Noticed Natasha
  2442 | D:3      | Killed Natasha
  2442 | D:3      | Reached XP level 5. HP: 31/37 MP: 7/7
  2570 | D:3      | Noticed Grinder
  2651 | D:3      | Noticed Natasha
  2664 | D:3      | Killed Natasha
  2961 | D:3      | Found a white marble altar of Elyvilon.
  2975 | D:3      | Paralysed by Grinder for 2 turns
  3005 | D:3      | Paralysed by Grinder for 3 turns
  3010 | D:3      | Killed Grinder
  3010 | D:3      | Reached skill level 5 in Short Blades
  3010 | D:3      | Reached skill level 5 in Armour
  3010 | D:3      | Reached XP level 6. HP: 38/44 MP: 7/9
  3174 | D:3      | Noticed Natasha
  3187 | D:3      | Killed Natasha
  3187 | D:3      | Reached XP level 7. HP: 32/50 MP: 10/10
  3252 | D:4      | HP: 2/51 [orc/+0 war axe (4)]
  4266 | D:4      | Found a shattered altar of Ashenzari.
  4285 | D:4      | Noticed Eustachio
  4334 | D:4      | Reached skill level 5 in Stealth
  4461 | D:4      | Killed Eustachio
  4461 | D:4      | Reached XP level 8. HP: 56/57 MP: 10/12
  4612 | D:5      | Entered Level 5 of the Dungeon
  4615 | D:5      | Found Voq Rokhax's Assorted Antiques.
  4616 | D:5      | Found Ipentik's Magic Scroll Shoppe.
  4647 | D:5      | Got a ripped robe
  4662 | D:5      | Identified the +2 robe "Nahaen" {Str+8 Dex+3} (You found it
                  | on level 5 of the Dungeon)
  4666 | D:5      | Bought a scroll of blinking for 105 gold pieces
  4666 | D:5      | Bought a scroll of enchant armour for 105 gold pieces
  4726 | D:5      | Found Yluged's Jewellery Emporium.
  4734 | D:5      | Found a shimmering blue altar of Sif Muna.
  4954 | D:5      | Found a shimmering altar of Xom.
  5012 | D:5      | Found Dagacheali's Armour Emporium.
  5139 | D:5      | Found Lailech's Antique Weapon Boutique.
  6703 | D:7      | Reached XP level 9. HP: 27/65 MP: 14/14
  7173 | D:7      | Found a radiant altar of Vehumet.
  7186 | D:7      | Learned a level 3 spell: Dazzling Flash
  7291 | D:7      | Noticed Harold
  7308 | D:7      | Killed Harold
  7308 | D:7      | Reached skill level 5 in Crossbows
  7308 | D:7      | Reached skill level 5 in Throwing
  7308 | D:7      | Reached skill level 5 in Dodging
  7308 | D:7      | Reached skill level 5 in Evocations
  7471 | D:7      | Noticed a tengu warrior
  7471 | D:7      | Noticed a five-headed hydra
  7614 | D:8      | Reached skill level 5 in Invocations
  7735 | D:8      | Noticed a two-headed ogre
  7748 | D:8      | Killed a two-headed ogre
  7748 | D:8      | Reached XP level 10. HP: 60/73 MP: 15/17
  7835 | D:7      | Killed a tengu warrior
  7835 | D:7      | Reached skill level 5 in Fighting
  7835 | D:7      | Reached skill level 5 in Long Blades
  7835 | D:7      | Reached skill level 5 in Axes
  7835 | D:7      | Reached skill level 5 in Maces & Flails
  7835 | D:7      | Reached skill level 5 in Polearms
  7835 | D:7      | Reached skill level 5 in Staves
  7835 | D:7      | Reached skill level 5 in Slings
  7835 | D:7      | Reached skill level 5 in Bows
  7835 | D:7      | Reached skill level 5 in Shields
  7835 | D:7      | Reached skill level 5 in Unarmed Combat
  7835 | D:7      | Reached skill level 5 in Spellcasting
  7855 | D:5      | Bought a +0 pair of boots for 63 gold pieces
  7855 | D:5      | Bought a +0 buckler for 63 gold pieces
  8057 | D:7      | Killed a five-headed hydra
  8544 | D:7      | Found a staircase to the Ecumenical Temple.
  8555 | Temple   | Entered the Ecumenical Temple
  8561 | Temple   | Became a worshipper of Hepliaklqana the Forgotten
  9023 | D:8      | Noticed Gastronok
  9039 | D:8      | Killed Gastronok
  9039 | D:8      | Reached XP level 11. HP: 21/72 MP: 19/19
  9657 | D:9      | Reached * piety under Hepliaklqana
  9734 | D:9      | Reached skill level 5 in Conjurations
  9734 | D:9      | Reached skill level 5 in Hexes
  9734 | D:9      | Reached skill level 5 in Charms
  9734 | D:9      | Reached skill level 5 in Summonings
  9734 | D:9      | Reached skill level 5 in Necromancy
  9734 | D:9      | Reached skill level 5 in Translocations
  9734 | D:9      | Reached skill level 5 in Transmutations
  9734 | D:9      | Reached skill level 5 in Fire Magic
  9734 | D:9      | Reached skill level 5 in Ice Magic
  9734 | D:9      | Reached skill level 5 in Air Magic
  9734 | D:9      | Reached skill level 5 in Earth Magic
  9734 | D:9      | Reached skill level 5 in Poison Magic
  9797 | D:9      | Found a staircase to the Lair.
 10396 | Lair:1   | Entered Level 1 of the Lair of Beasts
 10960 | Lair:1   | Noticed Fannar
 10975 | Lair:1   | Upgraded the game from 0.25-a0-189-gf71692caf1 to
                  | 0.25-a0-420-g1cc7eeb0d1
 11197 | Lair:1   | Killed Fannar
 11552 | Lair:1   | Reached ** piety under Hepliaklqana
 11554 | Lair:1   | Remembered your ancestor Xochipepe as a knight
 12105 | Lair:1   | HP: 3/74 [blink frog (14)]
 12404 | Lair:1   | Reached XP level 12. HP: 80/80 MP: 22/22
 13243 | Lair:2   | Identified a scroll of acquirement
 13244 | Lair:2   | Reached *** piety under Hepliaklqana
 13486 | D:5      | Bought the ring "Colochaeq" {rC+ Str+7 Int+2} for 763 gold
                  | pieces
 13488 | D:5      | Bought a +3 amulet of reflection for 235 gold pieces
 13510 | D:5      | Bought a scroll of identify for 38 gold pieces
 13510 | D:5      | Bought a runed sapphire ring for 95 gold pieces
 13510 | D:5      | Bought a scroll labeled GIUTIKK XIYDUWN for 19 gold pieces
 13510 | D:5      | Bought a scroll labeled GIUTIKK XIYDUWN for 19 gold pieces
 13529 | D:5      | Bought 3 scrolls of fear for 147 gold pieces
 13529 | D:5      | Bought a scroll of teleportation for 42 gold pieces
 13529 | D:5      | Bought a scroll of teleportation for 42 gold pieces
 13529 | D:5      | Bought a scroll of enchant weapon for 105 gold pieces
 13529 | D:5      | Bought a scroll of identify for 28 gold pieces
 13529 | D:5      | Bought a scroll of blinking for 105 gold pieces
 13529 | D:5      | Bought a scroll of teleportation for 42 gold pieces
 14385 | Lair:2   | Noticed a dire elephant
 14423 | Lair:2   | HP: 3/81 [dire elephant (29)]
 14750 | Lair:2   | Killed a dire elephant
 14905 | Lair:3   | Noticed a death yak
 14905 | Lair:3   | Noticed a death yak
 14905 | Lair:3   | Noticed a death yak
 14905 | Lair:3   | Noticed a death yak
 14905 | Lair:3   | Noticed a death yak
 14906 | Lair:3   | Noticed a death yak
 15059 | Lair:3   | Killed a death yak
 15059 | Lair:3   | Reached XP level 13. HP: 88/88 MP: 24/24
 15530 | Lair:3   | Found a runed translucent gate.
 15531 | Lair:3   | Found a runed translucent gate.
 15532 | Lair:3   | Found a runed translucent gate.
 15532 | Lair:3   | Noticed PaperRat's ghost (adept OpVM)
 16731 | Lair:4   | Noticed Josephine
 16737 | Lair:4   | Killed Josephine
 16758 | Lair:4   | Noticed Urug
 16780 | Lair:4   | Killed Urug
 16887 | Lair:4   | Reached **** piety under Hepliaklqana
 17005 | Lair:4   | Found a hole to the Spider Nest.
 17213 | Lair:4   | Found a staircase to the Shoals.
 17472 | Lair:5   | Reached XP level 14. HP: 90/95 MP: 26/26
 17525 | Lair:5   | Noticed Sonja
 17532 | Lair:5   | Killed Sonja
 17759 | Lair:5   | Found a staircase to the Slime Pits.
 17831 | Lair:5   | Reached skill level 10 in Short Blades
 17831 | Lair:5   | Reached skill level 10 in Armour
 17896 | Lair:5   | Got a translucent shortbow
 17897 | Lair:5   | Identified the +2 shortbow of Reapportionment {vorpal,
                  | rPois Int-2 Dex+5} (You found it on level 5 of the Lair of
                  | Beasts)
 17943 | Lair:5   | Noticed Rupert
 17960 | Lair:5   | Paralysed by Rupert for 2 turns
 17972 | Lair:5   | Upgraded the game from 0.25-a0-420-g1cc7eeb0d1 to
                  | 0.25-a0-424-g80bd347ae0
 17972 | Lair:5   | Upgraded the game from 0.25-a0-424-g80bd347ae0 to
                  | 0.25-a0-464-g3004169c2b
 18331 | Lair:6   | Entered Level 6 of the Lair of Beasts
 18443 | Lair:6   | Reached ***** piety under Hepliaklqana
 18786 | Lair:6   | Reached skill level 10 in Stealth
 19343 | Lair:6   | Noticed a dire elephant
 19356 | Lair:6   | Killed a dire elephant
 19408 | Lair:6   | Noticed a dire elephant
 19408 | Lair:6   | Noticed a dire elephant
 19525 | Lair:6   | Noticed a dire elephant
 19539 | Lair:6   | Killed a dire elephant
 19539 | Lair:6   | Reached skill level 10 in Invocations
 19591 | Lair:6   | Killed a dire elephant
 19607 | Lair:6   | Killed a dire elephant
 19820 | D:10     | Entered Level 10 of the Dungeon
 21198 | D:11     | Noticed Snorg
 21222 | D:11     | Killed Snorg
 21243 | D:11     | Learned a level 2 spell: Sticks to Snakes
 21249 | D:11     | Learned a level 5 spell: Bolt of Magma
 21360 | D:11     | Got a twitching garnet amulet
 21361 | D:11     | Identified the amulet of the Little Devil {Gourm rC+ Int-3
                  | Stlth+} (You found it on level 11 of the Dungeon)
 21396 | D:11     | Reached XP level 15. HP: 102/102 MP: 28/28
 21509 | D:11     | Found an iron altar of Okawaru.
 21780 | D:12     | Reached skill level 10 in Crossbows
 21780 | D:12     | Reached skill level 10 in Throwing
 21780 | D:12     | Reached skill level 10 in Dodging
 21780 | D:12     | Reached skill level 10 in Evocations
 22053 | D:12     | Found a staircase to the Orcish Mines.
 22488 | Orc:1    | Entered Level 1 of the Orcish Mines
 22703 | Orc:1    | Found Lodd's General Store.
 22824 | Orc:1    | Noticed an orc warlord
 22844 | Orc:1    | Killed an orc warlord
 23022 | Orc:1    | Bought a scroll of teleportation for 51 gold pieces
 23076 | Orc:1    | Found Qerupt's Gadget Shop.
 23144 | Orc:1    | Found Seazoet's Armour Shoppe.
 23174 | Orc:1    | Found Kosewyxt's Jewellery Boutique.
 23355 | Orc:2    | Entered Level 2 of the Orcish Mines
 23355 | Orc:2    | Found a runed translucent door.
 23355 | Orc:2    | Found the +10 large shield of Ignorance {rN+ Int-4}
 23369 | Orc:2    | Found Kopois's Assorted Antiques.
 23382 | Orc:2    | Bought a scroll of identify for 46 gold pieces
 23382 | Orc:2    | Bought a scroll labeled TUCUSE MABUCE for 23 gold pieces
 23382 | Orc:2    | Bought a potion of curing for 69 gold pieces
 23710 | Orc:2    | Found a staircase to the Elven Halls.
 23799 | Orc:2    | HP: 4/103 [orc priest/divine providence (12)]
 23800 | Orc:2    | Reached skill level 10 in Fighting
 23800 | Orc:2    | Reached skill level 10 in Long Blades
 23800 | Orc:2    | Reached skill level 10 in Axes
 23800 | Orc:2    | Reached skill level 10 in Maces & Flails
 23800 | Orc:2    | Reached skill level 10 in Polearms
 23800 | Orc:2    | Reached skill level 10 in Staves
 23800 | Orc:2    | Reached skill level 10 in Slings
 23800 | Orc:2    | Reached skill level 10 in Bows
 23800 | Orc:2    | Reached skill level 10 in Shields
 23800 | Orc:2    | Reached skill level 10 in Unarmed Combat
 23800 | Orc:2    | Reached skill level 10 in Spellcasting
 23800 | Orc:2    | Killed from afar by Xochipepe the knight

Levels and vault maps discovered:
D:1:      enne_arrival_octagon_isle, layout_basic, minmay_misc_feat_chi
D:2:      layout_rooms, first_ration, grunt_ministairs_9, minmay_cut_off,
          uniq_robin
D:3:      layout_loops_ring, elyvilon_altar_3, uniq_natasha, uniq_grinder
D:4:      layout_basic, nrook_campfire, nicolae_ashenzari_panopticon,
          uniq_eustachio
D:5:      wander_river, layout_basic, kennysheep_mini_moat, basic_altar,
          serial_shops, shop, shop, shop, shop, nicolae_shop_stone
D:6:      layout_loops_ring
D:7:      kennysheep_big_flooded_room, layout_basic, temple_green,
          vehumet_altar_wand_db, uniq_harold
D:8:      layout_basic, uniq_gastronok
D:9:      layout_basic, david_lair_shrubbed, grunt_pizzeria
D:10:     layout_long_grid, serial_bayou_pond_e
D:11:     layout_roguey, hangedman_abyss_or_decor_slice, okawaru_humans,
          uniq_snorg
D:12:     layout_loops_cross, orc_0_dummy, minmay_misc_feat_enclosed
Temple:   compressed_dpeg_triangle_lava_temple
Lair:1:   layout_gridlike, chequers_serial_rivers_micro_c, beast_lair_carwin_3,
          uniq_fannar
Lair:2:   mu_elephants_graveyard, layout_gridlike, serial_bayou_lake_a
Lair:3:   layout_roguey, gammafunk_ghost_hydra_chop, beast_lair_carwin_10
Lair:4:   layout_regular_city, elwin_shoals_entry_rooms,
          nicolae_spider_entry_tight_spaces, uniq_josephine, uniq_urug
Lair:5:   layout_hall_layers, minmay_slime_entry_pillars, uniq_rupert,
          uniq_sonja
Lair:6:   due_jungle_book, layout_regular_city
Orc:1:    layout_caves, serial_shops, nicolae_shop_waterfront, shop, shop, shop
Orc:2:    st_orc_pillars, layout_diamond_mine, serial_shops,
          nicolae_shop_overgrown_old_shop, chequers_guarded_unrand_ignorance

Skill      XL: |  1  2  3  4  5  6  7  8  9 10 11 12 13 14 15 |
---------------+----------------------------------------------+-----
Invocations    | 1 2 3 4 5 6 7 8 9 10 | 10.8
Fighting       | 1 2 3 4 5 6 7 8 9 10 | 10.0
Long Blades    | 1 2 3 4 5 6 7 8 9 10 | 10.0
Axes           | 1 2 3 4 5 6 7 8 9 10 | 10.0
Maces & Flails | 1 2 3 4 5 6 7 8 9 10 | 10.0
Polearms       | 1 2 3 4 5 6 7 8 9 10 | 10.0
Staves         | 1 2 3 4 5 6 7 8 9 10 | 10.0
Slings         | 1 2 3 4 5 6 7 8 9 10 | 10.0
Bows           | 1 2 3 4 5 6 7 8 9 10 | 10.0
Shields        | 1 2 3 4 5 6 7 8 9 10 | 10.0
Unarmed Combat | 1 2 3 4 5 6 7 8 9 10 | 10.0
Spellcasting   | 1 2 3 4 5 6 7 8 9 10 | 10.0
Conjurations   | 1 2 3 4 5 6 7 8 |  8.4
Hexes          | 1 2 3 4 5 6 7 8 |  8.4
Charms         | 1 2 3 4 5 6 7 8 |  8.4
Summonings     | 1 2 3 4 5 6 7 8 |  8.4
Necromancy     | 1 2 3 4 5 6 7 8 |  8.4
Translocations | 1 2 3 4 5 6 7 8 |  8.4
Transmutations | 1 2 3 4 5 6 7 8 |  8.4
Fire Magic     | 1 2 3 4 5 6 7 8 |  8.4
Ice Magic      | 1 2 3 4 5 6 7 8 |  8.4
Air Magic      | 1 2 3 4 5 6 7 8 |  8.4
Earth Magic    | 1 2 3 4 5 6 7 8 |  8.4
Poison Magic   | 1 2 3 4 5 6 7 8 |  8.4
Crossbows      | 3 4 5 6 7 8 9 10 | 10.3
Throwing       | 3 4 5 6 7 8 9 10 | 10.3
Dodging        | 3 4 5 6 7 8 9 10 | 10.3
Evocations     | 3 4 5 6 7 8 9 10 | 10.3
Short Blades   | 5 6 7 8 9 10 | 10.9
Armour         | 5 6 7 8 9 10 | 10.9
Stealth        | 5 6 7 8 9 10 | 10.7

Action                   |  1- 3 |  4- 6 |  7- 9 | 10-12 | 13-15 || total
-------------------------+-------+-------+-------+-------+-------++-------
Melee: Short sword       |    95 |   147 |   440 |   127 |       ||   809
       Bite              |     7 |    17 |    70 |    83 |   167 ||   344
       Punch             |       |     1 |     7 |       |       ||     8
       War axe           |       |       |       |    36 |       ||    36
       Trident           |       |       |       |    16 |       ||    16
       Broad axe         |       |       |       |   130 |     4 ||   134
       Demon trident     |       |       |       |   376 |  1248 ||  1624
Throw: Stone             |       |    14 |    17 |     1 |       ||    32
       Javelin           |       |       |       |       |     3 ||     3
       Dart              |       |       |       |       |     2 ||     2
       Throwing net      |       |       |       |       |     1 ||     1
 Cast: Dazzling Flash    |       |       |     2 |       |    38 ||    40
       Bolt of Magma     |       |       |       |       |    11 ||    11
Invok: Recall Ancestor   |       |       |       |     2 |     4 ||     6
       Ancestor Life: Kn |       |       |       |     1 |       ||     1
       Idealise          |       |       |       |       |     5 ||     5
       Transference      |       |       |       |       |     1 ||     1
Evoke: Wand              |       |       |     9 |    29 |    25 ||    63
       Box of beasts     |       |       |       |     1 |       ||     1
  Use: Potion            |     1 |     3 |     5 |     9 |     9 ||    27
       Scroll            |       |       |    10 |    13 |    22 ||    45
 Stab: Sleeping          |     8 |     4 |     8 |       |    16 ||    36
       Paralysed         |       |       |     4 |     5 |     3 ||    12
       Distracted        |       |       |       |     8 |    16 ||    24
       Invisible         |       |       |       |       |    15 ||    15
  Eat: Chunk             |       |     7 |     7 |     8 |    20 ||    42
       Ration            |       |       |     2 |     6 |     4 ||    12
Armor: Robe              |     8 |     7 |    25 |       |       ||    40
       Skin              |    18 |    11 |       |    62 |       ||    91
       Leather armour    |       |     6 |       |       |       ||     6
       Ring mail         |       |     8 |    26 |       |       ||    34
       Chain mail        |       |       |    23 |   317 |   234 ||   574
       Troll leather arm |       |       |       |       |    84 ||    84
Dodge: Dodged            |    49 |    69 |   247 |   514 |   843 ||  1722
Block: Buckler           |       |       |       |   225 |   351 ||   576

Table legend:
 A = Non-vault XP
 B = Vault XP
 C = Vault XP percentage of total XP
 D = Non-vault monster count
 E = Vault monster count
 F = Vault count percentage of total count
                 A         B        C        D         E       F
            +---------+---------+-------+---------+---------+-------
      Total |   78926 |   30714 |  28.0 |     510 |     112 |  18.0
            +---------+---------+-------+---------+---------+-------
        D:1 |      38 |       0 |   0.0 |      24 |       0 |   0.0
        D:2 |      60 |      49 |  45.0 |      12 |      17 |  58.6
        D:3 |     237 |     331 |  58.3 |      19 |       2 |   9.5
        D:4 |     349 |     191 |  35.4 |      13 |       1 |   7.1
        D:5 |     141 |       0 |   0.0 |       5 |       0 |   0.0
        D:6 |     863 |       0 |   0.0 |      24 |       0 |   0.0
        D:7 |    1441 |    2814 |  66.1 |      27 |       4 |  12.9
        D:8 |    1493 |    2151 |  59.0 |      15 |       1 |   6.2
        D:9 |    2212 |     699 |  24.0 |      27 |       3 |  10.0
       D:10 |    6029 |       0 |   0.0 |      41 |       0 |   0.0
       D:11 |    6147 |    1529 |  19.9 |      38 |       3 |   7.3
       D:12 |    9310 |       0 |   0.0 |      33 |       0 |   0.0
     Lair:1 |    6087 |    1985 |  24.6 |      30 |       6 |  16.7
     Lair:2 |    3064 |    5986 |  66.1 |      19 |      12 |  38.7
     Lair:3 |    9088 |    3451 |  27.5 |      25 |      10 |  28.6
     Lair:4 |    5744 |    5188 |  47.5 |      22 |      15 |  40.5
     Lair:5 |    8702 |    1214 |  12.2 |      32 |       5 |  13.5
     Lair:6 |    8879 |    2755 |  23.7 |      11 |       5 |  31.2
      Orc:1 |    5678 |       0 |   0.0 |      59 |       0 |   0.0
      Orc:2 |    3364 |    2371 |  41.3 |      34 |      28 |  45.2
            +---------+---------+-------+---------+---------+-------
